 Dungeon Crawl Stone Soup version 0.22-a0-480-g991dd4b (webtiles) character file.

17543 CougarLife the Grappler (level 12, 0/119 HPs)
             Began as a Troll Fighter on June 14, 2018.
             Was a Priest of Trog.
             Slain by a yak (9 damage)
             ... on level 3 of the Lair of Beasts.
             The game lasted 00:18:30 (12192 turns).

CougarLife the Grappler (Troll Fighter)            Turns: 12192, Time: 00:18:31

Health: 0/119      AC:  6    Str: 28    XL:     12   Next: 19%
Magic:  11/11      EV: 10    Int:  7    God:    Trog [***...]
Gold:   838        SH: 11    Dex:  9    Spells: 11/11 levels left

rFire    . . .     SeeInvis .     - Unarmed
rCold    + . .     Gourm    +   b - +0 shield
rNeg     . . .     Faith    .   a - +0 robe
rPois    .         Spirit   .   (helmet restricted)
rElec    .         Reflect  .   p - +0 cloak
rCorr    .         Harm     .   (gloves unavailable)
MR       ++...                  (boots unavailable)
Stlth    +.........             (no amulet)
HPRegen  1.69/turn              I - ring of protection from cold
MPRegen  0.12/turn              (no ring)

@: berserk cooldown, regenerating, slowed, very slow
A: large, unfitting armour, claws 3, fast metabolism 3, gourmand, regeneration
1, shaggy fur 1, tough skin 2
a: Berserk, Trog's Hand, Renounce Religion


You were on level 3 of the Lair of Beasts.
You worshipped Trog.
Trog was most pleased with you.
You were full.

You visited 3 branches of the dungeon, and saw 15 of its levels.

You collected 838 gold pieces.

Inventory:

Missiles
 o - 5 large rocks (quivered)
Armour
 a - a +0 robe (worn)
 b - a +0 shield (worn)
 p - a +0 cloak (worn)
Jewellery
 I - a ring of protection from cold (left claw)
 M - a +1 ring of evasion {unknown}
Wands
 m - a wand of polymorph (30)
 n - a wand of flame (17)
 y - a wand of digging (30)
 C - a wand of disintegration (13)
 E - a wand of enslavement (18)
 G - a wand of iceblast (10)
 L - a wand of random effects (74)
Scrolls
 c - a scroll of noise {unknown}
 e - 3 scrolls of teleportation {unknown}
 f - 2 scrolls of amnesia {unknown}
 g - 6 scrolls of remove curse {unknown}
 l - 2 scrolls of fog {unknown}
 q - 4 scrolls of identify
 r - 2 scrolls of enchant armour {unknown}
 s - 2 scrolls of enchant weapon {unknown}
 t - a scroll of magic mapping {unknown}
 w - 3 scrolls of immolation {unknown}
 x - a scroll of fear {unknown}
 D - a scroll of random uselessness {unknown}
 F - a scroll of blinking {unknown}
 J - a scroll of holy word {unknown}
 O - a scroll of acquirement {unknown}
Potions
 h - 2 potions of degeneration {unknown}
 i - 5 potions of heal wounds
 j - 5 potions of curing {unknown}
 k - a potion of magic {unknown}
 u - 2 potions of resistance {unknown}
 v - 2 potions of cancellation {unknown}
 z - 3 potions of ambrosia {unknown}
 A - a potion of lignification {unknown}
 B - 4 potions of haste
 H - 2 potions of berserk rage {unknown}
 K - a potion of agility {unknown}
 N - a potion of might
Comestibles
 d - 36 rations


   Skills:
 - Level 8.0 Fighting
 + Level 9.1 Throwing
 - Level 3.0 Dodging
 - Level 8.0 Shields
 - Level 12.0 Unarmed Combat


You had 11 spell levels left.
You didn't know any spells.
Your spell library was empty.

Dungeon Overview and Level Annotations

Branches:
Dungeon (11/15)            Temple (1/1) D:7            Lair (3/6) D:9
 Shoals (0/4) Lair:2       Spider (0/4) Lair:3
    Orc: D:9-12

Altars:
Ashenzari
Cheibriados
Dithmenos
Elyvilon
Fedhas
Gozag
Hepliaklqana
Kikubaaqudgha
Makhleb
Nemelex Xobeh
Okawaru
Ru
Sif Muna
Trog
Uskayaw
Vehumet
Wu Jian
Yredelemnul
Zin
The Shining One
Jiyva

Shops:
D:4 *   D:7 :   D:10 (


Innate Abilities, Weirdness & Mutations

You are too large for most types of armour.
You have claws for hands.
Your metabolism is lightning-fast.
You like to eat raw meat.
Your natural rate of healing is unusually fast.
You are covered in fur. (AC +1)
You have very tough skin. (AC +2)


Message History

The yak gores the plant but does no damage.
The yak gores you. You block the yak's attack.
Unknown command.
The yak gores you. The yak closely misses you. You block the yak's attack.
You block the yak's attack. The yak gores you! The yak completely misses you.
You closely miss the yak.
The yak gores you! x2; The yak gores you.
* * * LOW HITPOINT WARNING * * *
You mangle the yak!!
The yak is severely wounded.
You feel the effects of Trog's Hand fading.
The yak gores you!
* * * LOW HITPOINT WARNING * * *
The yak gores you.
* * * LOW HITPOINT WARNING * * *
You block the yak's attack. The yak gores you.
* * * LOW HITPOINT WARNING * * *
The yak gores you!
You die...

#.+.#.# ##..P#### #...##
#.P....#
##....############.#....#
###P....##.#...#..........#
#......††.................#
#...........+.#.#.........#
#..........Y#####.........#
#..........Y## #.....(....#
#.....>...YY@# ##.........#
#..........Y## #...........
#.###.#.##### ########P###
### ##### ##


You could see 5 yaks.

Vanquished Creatures
  3 two-headed ogres
  The ghost of ShutUppercut the Covert, a journeyman KoEn of Wu Jian (D:10)
  The ghost of garrulousMonolith the Geomancer, a novice GrEE (D:7)
  An oklob plant (Lair:1)
  Maurice (D:8)
  Joseph (D:9)
  7 spiny frogs
  A freezing wraith (D:10)
  2 komodo dragons
  Grinder (D:6)
  4 blink frogs (Lair:2)
  3 hippogriffs
  A snapping turtle (Lair:2)
  A tarantella (Lair:3)
  2 wyverns
  A steam dragon (Lair:3)
  16 yaks
  Eustachio (D:6)
  A hungry ghost (D:9)
  Menkaure (D:6)
  5 water moccasins
  Duvessa (D:6)
  10 porcupines
  4 sky beasts
  2 phantoms
  An orc warrior (D:7)
  A black bear (D:9)
  A necrophage (D:10)
  4 ogres
  2 centaurs
  5 crocodiles
  11 bullfrogs
  A big kobold (D:10)
  Dowan (D:6)
  2 scorpions (D:9)
  An oklob sapling (D:7)
  A howler monkey (D:7)
  An electric eel (Lair:2)
  3 crimson imps
  A quasit (D:9)
  Crazy Yiuf (D:5)
  3 hounds
  5 jellies
  3 bullfrog skeletons
  2 orc priests
  10 orc wizards
  A centaur skeleton (D:10)
  Jessica (D:2)
  6 iguanas
  7 worker ants
  A killer bee zombie (D:6)
  2 hound zombies
  Robin (D:4)
  2 howler monkey skeletons
  7 gnolls
  11 adders
  2 shadow imps
  7 oozes
  An adder zombie (D:5)
  3 worms
  2 dart slugs
  3 leopard geckos
  34 orcs
  5 giant cockroaches
  14 goblins
  4 hobgoblins
  10 jackals
  7 quokkas
  2 ball pythons
  7 bats
  8 frilled lizards
  7 kobolds
  A leopard gecko skeleton (D:5)
  A quokka zombie (D:8)
  4 rats
  2 fungi
  2 plants
297 creatures vanquished.

Vanquished Creatures (others)
  11 fungi
  4 plants
15 creatures vanquished.

Grand Total: 312 creatures vanquished

Notes
Turn   | Place    | Note
-------+----------+-------------------------------------------
     0 | D:1      | CougarLife the Troll Fighter began the quest for the Orb.
     0 | D:1      | Reached XP level 1. HP: 22/22 MP: 0/0
   518 | D:1      | Reached XP level 2. HP: 26/29 MP: 1/1
  1006 | D:2      | Reached XP level 3. HP: 36/36 MP: 2/2
  1194 | D:2      | Noticed Jessica
  1197 | D:2      | Killed Jessica
  1197 | D:2      | Reached skill level 3 in Unarmed Combat
  1197 | D:2      | Reached XP level 4. HP: 40/44 MP: 3/3
  1860 | D:3      | Reached skill level 4 in Unarmed Combat
  1863 | D:3      | Reached XP level 5. HP: 48/50 MP: 4/4
  2038 | D:3      | Reached skill level 5 in Unarmed Combat
  2553 | D:3      | Reached XP level 6. HP: 16/59 MP: 5/5
  2637 | D:4      | Reached skill level 6 in Unarmed Combat
  2810 | D:4      | Found a glowing silver altar of Zin.
  2811 | D:4      | Found a basalt altar of Yredelemnul.
  2835 | D:4      | Found an ancient bone altar of Kikubaaqudgha.
  2835 | D:4      | Found a hazy altar of Hepliaklqana.
  2835 | D:4      | Found an ornate altar of the Wu Jian Council.
  2836 | D:4      | Found a sacrificial altar of Ru.
  2840 | D:4      | Found a burning altar of Makhleb.
  2907 | D:4      | Noticed Robin
  2926 | D:4      | Killed Robin
  3135 | D:4      | Reached skill level 7 in Unarmed Combat
  3135 | D:4      | Reached XP level 7. HP: 10/66 MP: 6/6
  3276 | D:4      | Found Peghaylo's Assorted Antiques.
  3382 | D:5      | Entered Level 5 of the Dungeon
  3382 | D:5      | Found a white marble altar of Elyvilon.
  3450 | D:5      | Found a radiant altar of Vehumet.
  3462 | D:5      | Reached skill level 8 in Unarmed Combat
  4045 | D:5      | Found a runed door.
  4049 | D:5      | Noticed Crazy Yiuf
  4057 | D:5      | Killed Crazy Yiuf
  4057 | D:5      | Reached skill level 9 in Unarmed Combat
  4057 | D:5      | Reached XP level 8. HP: 65/74 MP: 7/7
  4332 | D:6      | Found an ancient bone altar of Kikubaaqudgha.
  4525 | D:6      | Noticed Grinder
  4534 | D:6      | Paralysed by Grinder for 3 turns
  4548 | D:6      | Killed Grinder
  4548 | D:6      | Reached skill level 10 in Unarmed Combat
  4817 | D:6      | Noticed Duvessa
  4820 | D:6      | Noticed Dowan
  4826 | D:6      | Killed Duvessa
  4831 | D:6      | Killed Dowan
  4925 | D:6      | Noticed Eustachio
  4933 | D:6      | Killed Eustachio
  4951 | D:6      | Noticed Menkaure
  4956 | D:6      | Killed Menkaure
  5022 | D:6      | Found a glowing golden altar of the Shining One.
  5051 | D:6      | Reached XP level 9. HP: 80/85 MP: 8/8
  5386 | D:7      | Found a staircase to the Ecumenical Temple.
  5414 | D:7      | Noticed garrulousMonolith's ghost (novice GrEE)
  5428 | D:7      | Killed garrulousMonolith's ghost
  5767 | D:7      | Found a shattered altar of Ashenzari.
  6110 | D:7      | Found Xuitircha's Book Emporium.
  6238 | Temple   | Entered the Ecumenical Temple
  6278 | Temple   | Became a worshipper of Trog the Wrathful
  6347 | D:8      | Found a viscous altar of Jiyva.
  6386 | D:8      | Found a snail-covered altar of Cheibriados.
  6457 | D:8      | Found an iron altar of Okawaru.
  6542 | D:8      | Noticed a two-headed ogre
  6552 | D:8      | Killed a two-headed ogre
  6552 | D:8      | Reached XP level 10. HP: 65/104 MP: 9/9
  6680 | D:8      | Reached skill level 5 in Shields
  6681 | D:8      | Noticed a two-headed ogre
  6689 | D:8      | Killed a two-headed ogre
  6813 | D:8      | Noticed Maurice
  7214 | D:8      | Killed Maurice
  7563 | D:9      | Reached * piety under Trog
  7665 | D:9      | Found a staircase to the Lair.
  7763 | D:9      | Found a sacrificial altar of Ru.
  7834 | D:9      | Noticed Joseph
  7846 | D:9      | Killed Joseph
  8112 | D:10     | Entered Level 10 of the Dungeon
  8248 | D:10     | Found Zeriam's Weapon Shoppe.
  8297 | D:10     | Reached skill level 1 in Throwing
  8624 | D:10     | Noticed a two-headed ogre
  8636 | D:10     | Killed a two-headed ogre
  8636 | D:10     | Reached XP level 11. HP: 38/111 MP: 10/10
  8840 | D:10     | Noticed ShutUppercut's ghost (journeyman KoEn)
  8848 | D:10     | Killed ShutUppercut's ghost
  8956 | D:11     | Noticed a death knight
  9099 | Lair:1   | Entered Level 1 of the Lair of Beasts
  9116 | Lair:1   | Reached skill level 5 in Throwing
  9132 | Lair:1   | Reached ** piety under Trog
  9723 | Lair:1   | Noticed an oklob plant
 10298 | Lair:1   | Killed an oklob plant
 10467 | Lair:2   | Reached skill level 11 in Unarmed Combat
 10874 | Lair:2   | Reached XP level 12. HP: 103/119 MP: 11/11
 11042 | Lair:2   | Found a staircase to the Shoals.
 11421 | Lair:3   | Reached skill level 12 in Unarmed Combat
 11798 | Lair:3   | Reached *** piety under Trog
 11853 | Lair:3   | Found a hole to the Spider Nest.
 12192 | Lair:3   | Slain by a yak

Vault maps used:
D:1:      dpeg_arrival_boxorama
D:2:      uniq_jessica
D:3:      first_ration, kennysheep_generic_room_3
D:4:      minitemple, serial_shops, nicolae_shop_statue_plus, hex_intersection,
          kennysheep_cross_bottleneck, uniq_robin
D:5:      lemuel_round_altar, lemuel_doored_altar, uniq_crazy_yiuf_cottage
D:6:      lemuel_round_altar, basic_altar, uniq_duvessa, uniq_eustachio,
          uniq_menkaure, uniq_grinder
D:7:      lemuel_coloured_pillars_altar, minmay_temple_entry_oklob,
          serial_shops, nicolae_shop_trees
D:8:      lemuel_crystal_altar, serial_glass, glass_columns_a, glass_columns_b,
          hangedman_little_slice_of_home, kennysheep_okawaru_gauntlet,
          uniq_maurice
D:9:      due_lair_maze_entry_diamond, serial_park_tiny_1,
          nicolae_ru_great_annihilating_truth, uniq_joseph
D:10:     serial_shops, nicolae_shop_behind_doors
D:11:     david_orc_3, portal_ice_cave_entry_animals_and_master,
          nrook_pool_corridor
Temple:   compressed_dpeg_circular_temple
Lair:1:   minmay_lair_oklob_chamber
Lair:2:   minmay_shoals_entry_hut, lemuel_fruit_fields, serial_bayou_shore_a
Lair:3:   spider_nest_entry_rubble

Skill      XL: |  1  2  3  4  5  6  7  8  9 10 11 12 |
---------------+-------------------------------------+-----
Shields        | 3 4 8 |  8.0
Dodging        | 3 |  3.0
Unarmed Combat | 3 4 5 7 9 10 11 12 | 12.0
Fighting       | 4 8 |  8.0
Throwing       | 3 8 9 |  9.1

Action                   |  1- 3 |  4- 6 |  7- 9 | 10-12 || total
-------------------------+-------+-------+-------+-------++-------
Melee: Unarmed           |   105 |   213 |   299 |   471 ||  1088
Throw: Large rock        |       |       |     2 |     1 ||     3
Invok: Berserk           |       |       |       |     4 ||     4
       Trog's Hand       |       |       |       |     1 ||     1
  Use: Potion            |       |     2 |     2 |       ||     4
       Scroll            |       |       |     1 |     2 ||     3
 Stab: Sleeping          |       |     1 |       |       ||     1
       Paralysed         |       |       |       |     1 ||     1
  Eat: Chunk             |    15 |    19 |    30 |    57 ||   121
Armor: Robe              |    39 |    58 |    68 |    48 ||   213
Dodge: Dodged            |    42 |    85 |    76 |   103 ||   306
Block: Shield            |    55 |   103 |   121 |   167 ||   446

Table legend:
 A = Spawn XP
 B = Non-spawn XP
 C = Spawn XP percentage of total XP
 D = Spawn monster count
 E = Non-spawn monster count
 F = Spawn count percentage of total count
 G = Total turns spent on level
                    A         B        C        D         E        F      G
               +---------+---------+-------+---------+---------+-------+---------
         Total |       0 |   25062 |   0.0 |       0 |     293 |   0.0 | 12192
               +---------+---------+-------+---------+---------+-------+---------
           D:1 |       0 |      14 |   0.0 |       0 |      11 |   0.0 |   803
           D:2 |       0 |     135 |   0.0 |       0 |      31 |   0.0 |  1029
           D:3 |       0 |     269 |   0.0 |       0 |      35 |   0.0 |   784
           D:4 |       0 |     432 |   0.0 |       0 |      32 |   0.0 |   766
           D:5 |       0 |     609 |   0.0 |       0 |      19 |   0.0 |   708
           D:6 |       0 |    1381 |   0.0 |       0 |      26 |   0.0 |  1157
           D:7 |       0 |    1694 |   0.0 |       0 |      21 |   0.0 |  1011
           D:8 |       0 |    3320 |   0.0 |       0 |      24 |   0.0 |  1172
           D:9 |       0 |    2187 |   0.0 |       0 |      25 |   0.0 |   645
          D:10 |       0 |    2944 |   0.0 |       0 |      11 |   0.0 |   933
          D:11 |       0 |     172 |   0.0 |       0 |       2 |   0.0 |    41
        Lair:1 |       0 |    5693 |   0.0 |       0 |      25 |   0.0 |  1273
        Lair:2 |       0 |    3600 |   0.0 |       0 |      16 |   0.0 |  1030
        Lair:3 |       0 |    2612 |   0.0 |       0 |      15 |   0.0 |   790
               +---------+---------+-------+---------+---------+-------+---------
